Map: Frozen Temple

Players

NickWinters

  • Race: Protoss Protoss

Raff

  • Race: Protoss Protoss
  • League: Diamond

SpawN

  • Race: Protoss Protoss
  • League: Gold

Siddharth

  • Race: Protoss Protoss

VOD

Have the link to the VOD?

Description

Time

  • Played on: Nov. 1, 2016, 9:29 p.m.
  • Length: 21:18
Show
View Real Time Build Order
Export as new Build Order

NickWinters Protoss 

Build Orders: 1 Gate Expand 

Get SALT Encoding   

  12  0:01  Probe (Chrono Boost)  
  13  0:11  Probe (Chrono Boost)  
  14  0:22  Probe (Chrono Boost)  
  14  0:24  Pylon  
  16  0:42  Probe (Chrono Boost)  
  16  0:45  Gateway  
  16  0:49  Assimilator  
  16  0:53  Probe (Chrono Boost)  
  17  1:17  Nexus, Unknown  
  17  1:23  Probe (Chrono Boost)  
  18  1:37  Cybernetics Core  
  18  1:38  Pylon  
  18  1:44  Probe (Chrono Boost)  
  19  1:59  Warp Gate  
  19  2:05  Probe (Chrono Boost), Zealot  
  22  2:18  Assimilator  
  22  2:25  Probe (Chrono Boost)  
  22  2:28  Unknown  
  24  2:37  Probe (Chrono Boost)  
  24  2:40  Probe (Chrono Boost), Pylon  
  25  2:49  Probe (Chrono Boost)  
  26  2:52  Pylon  
  26  2:54  Probe (Chrono Boost)  
  26  2:56  Gateway  
  27  3:07  Probe (Chrono Boost)  
  27  3:08  Probe (Chrono Boost)  
  29  3:17  Probe (Chrono Boost)  
  30  3:24  Probe (Chrono Boost)  
  31  3:38  Probe (Chrono Boost)  
  31  3:39  Probe (Chrono Boost)  
  33  3:50  Pylon  
  33  3:53  Probe (Chrono Boost)  
  33  3:54  Mothership Core (Chrono Boost)  
  36  3:58  Pylon  
  36  4:00  Pylon  
  36  4:04  Probe (Chrono Boost)  
  37  4:10  Pylon, Gateway  
  37  4:11  Gateway, Pylon  
  37  4:13  Stargate  
  37  4:15  Stargate  
  37  4:24  Stalker  
  37  4:25  Gateway  
  37  4:26  Probe (Chrono Boost)  
  37  4:27  Probe (Chrono Boost)  
  41  4:32  Zealot  
  43  4:46  Probe x2 (Chrono Boost)  
  43  4:50  Stalker  
  47  4:54  Oracle  
  47  4:55  Oracle  
  53  5:26  Oracle  
  56  5:39  Oracle, Assimilator  
  56  5:41  Assimilator  
  59  6:09  Stalker  
  59  6:10  Stalker  
  63  6:16  Probe x2 (Chrono Boost)  
  65  6:56  Zealot x5  
  69  7:17  Adept  
  69  7:19  Adept x3  
  69  7:20  Adept  
  79  7:32  Probe (Chrono Boost), Robotics Facility  
  79  7:33  Probe (Chrono Boost)  
  79  7:35  Pylon  
  81  7:37  Pylon  
  78  7:57  Adept  
  78  7:58  Adept x4  
  85  8:28  Adept x4  
  85  8:29  Adept  
  95  8:38  Gateway  
  95  8:40  Gateway  
  79  8:59  Nexus, Unknown  
  79  9:01  Pylon  
  73  9:04  Gateway  
  73  9:06  Gateway  
  73  9:09  Stalker x4  
  75  9:10  Stalker, Immortal  
  67  9:44  Immortal  
  63  10:07  Stalker x2  
  63  10:08  Stalker x5  
  63  10:09  Stalker x2  
  63  10:10  Unknown  
  81  10:23  Probe (Chrono Boost)  
  82  10:29  Void Ray x2  
  82  10:32  Stalker x3  
  82  10:33  Stalker x4  
  82  10:34  Stalker x2, Probe (Chrono Boost)  
  109  10:44  Probe (Chrono Boost)  
  110  10:53  Probe (Chrono Boost)  
  110  10:55  Probe x2 (Chrono Boost)  
  113  10:58  Stalker  
  113  10:59  Stalker x3  
  121  11:06  Forge  
  117  11:12  Twilight Council  
  79  11:41  Stalker x2  
  79  11:42  Stalker x5  
  79  11:43  Stalker  
  79  11:45  Stalker  
  97  12:10  Stalker x3  
  97  12:11  Stalker x3  
  97  12:13  Immortal  
  109  12:22  Probe (Chrono Boost)  
  115  12:23  Probe (Chrono Boost)  
  115  12:43  Assimilator  
  115  12:46  Assimilator  
  115  12:47  Immortal  
  115  12:51  Void Ray  
  123  12:59  Void Ray  
  127  13:26  Zealot  
  127  13:27  Zealot  
  131  13:34  Void Ray  
  135  13:42  Void Ray  
  135  13:44  Stalker  
  141  14:15  Nexus, Pylon x2, Unknown  
  131  14:17  Pylon  
  131  14:21  Gateway  
  91  14:30  Stalker  
  91  14:31  Stalker x5  
  87  14:49  Stalker  
  87  14:50  Stalker x2  
  93  15:05  Stalker x4  
  83  15:21  Stalker  
  83  15:26  Unknown  
  68  15:35  Stalker  
  68  15:36  Stalker x4  
  68  15:38  Sentry  
  80  15:48  Stalker x2  
  62  16:09  Stalker x3  
  48  16:33  Stalker x3  
  50  16:59  Void Ray  
  54  17:07  Stalker  
  56  17:09  Probe x2 (Chrono Boost)  
  58  17:45  Void Ray x2  
  66  18:20  Nexus, Unknown  
  62  19:09  Stalker x4  
  70  19:10  Stalker x3  
  70  19:11  Stalker  
  78  19:20  Probe x2 (Chrono Boost)  
  80  19:31  Unknown  
  80  19:52  Stalker x3  
  82  19:53  Stalker x2  
  72  20:28  Stalker x3  
  73  20:29  Stalker x2  
  79  21:00  Stalker x2  
  79  21:01  Stalker x3  
  89  21:10  Adept  
Show
View Real Time Build Order
Export as new Build Order

Raff Protoss 

Build Orders: 1 Gate Expand 

Get SALT Encoding   

  12  0:02  Probe (Chrono Boost)  
  13  0:15  Probe (Chrono Boost)  
  14  0:21  Pylon  
  14  0:29  Probe (Chrono Boost)  
  15  0:39  Probe (Chrono Boost)  
  16  0:44  Gateway  
  16  0:55  Probe (Chrono Boost)  
  17  0:58  Assimilator  
  17  1:05  Probe (Chrono Boost)  
  18  1:32  Cybernetics Core  
  18  1:38  Nexus, Unknown  
  18  1:41  Probe (Chrono Boost)  
  18  1:45  Assimilator  
  19  1:47  Pylon  
  20  2:01  Probe (Chrono Boost)  
  20  2:12  Stalker, Probe (Chrono Boost)  
  23  2:22  Probe (Chrono Boost)  
  24  2:33  Mothership Core (Chrono Boost)  
  26  2:43  Stalker  
  28  2:49  Unknown  
  28  2:51  Probe (Chrono Boost)  
  28  2:52  Probe (Chrono Boost)  
  30  3:03  Probe x2 (Chrono Boost)  
  32  3:12  Pylon  
  31  3:23  Warp Gate  
  31  3:34  Twilight Council  
  31  3:42  Probe x2 (Chrono Boost), Pylon  
  31  3:45  Stalker  
  35  3:53  Probe (Chrono Boost)  
  36  4:00  Gateway  
  36  4:02  Gateway  
  36  4:06  Probe (Chrono Boost)  
  36  4:07  Probe (Chrono Boost)  
  38  4:14  Stalker  
  41  4:17  Probe x2 (Chrono Boost)  
  42  4:26  Blink  
  42  4:27  Probe (Chrono Boost)  
  43  4:32  Probe (Chrono Boost)  
  45  4:39  Probe (Chrono Boost)  
  45  4:41  Stalker  
  45  4:42  Probe (Chrono Boost)  
  48  4:47  Stalker  
  48  4:48  Stalker  
  52  4:55  Probe (Chrono Boost)  
  52  4:57  Probe (Chrono Boost)  
  54  5:04  Forge  
  54  5:06  Forge  
  54  5:07  Stalker  
  56  5:30  Probe (Chrono Boost), Assimilator  
  56  5:31  Stalker  
  56  5:32  Probe (Chrono Boost)  
  56  5:34  Nexus, Unknown  
  60  5:39  Protoss Ground Weapons Level 1  
  60  5:40  Probe (Chrono Boost)  
  60  5:41  Protoss Ground Armor Level 1  
  62  5:44  Probe (Chrono Boost)  
  62  5:47  Pylon  
  62  5:50  Pylon  
  62  5:55  Pylon  
  62  5:58  Pylon  
  62  6:01  Stalker, Pylon  
  62  6:05  Stalker  
  66  6:15  Stalker  
  66  6:17  Robotics Facility  
  68  6:27  Pylon  
  68  6:28  Stalker  
  70  6:35  Stalker  
  72  6:44  Probe (Chrono Boost)  
  72  6:45  Stalker, Unknown  
  72  6:46  Probe (Chrono Boost)  
  76  6:48  Probe (Chrono Boost)  
  76  6:53  Assimilator  
  77  6:55  Probe (Chrono Boost)  
  77  6:56  Assimilator  
  56  7:19  Probe (Chrono Boost)  
  57  7:23  Photon Cannon  
  57  7:26  Photon Cannon  
  57  7:28  Probe (Chrono Boost)  
  58  7:30  Probe x2 (Chrono Boost)  
  58  7:33  Stalker  
  61  7:40  Probe x2 (Chrono Boost)  
  61  7:41  Probe (Chrono Boost)  
  64  7:51  Probe (Chrono Boost)  
  64  7:52  Probe (Chrono Boost)  
  64  7:56  Protoss Ground Weapons Level 2  
  65  8:02  Pylon  
  65  8:03  Stalker, Probe x2 (Chrono Boost)  
  65  8:05  Probe (Chrono Boost)  
  70  8:08  Stalker  
  70  8:12  Stalker  
  74  8:15  Observer  
  75  8:31  Robotics Bay  
  75  8:38  Probe (Chrono Boost)  
  78  8:41  Probe (Chrono Boost)  
  78  8:43  Probe (Chrono Boost)  
  74  8:48  Probe (Chrono Boost)  
  74  8:49  Stalker  
  74  8:52  Probe (Chrono Boost)  
  74  8:55  Probe (Chrono Boost)  
  75  8:59  Probe (Chrono Boost)  
  60  9:15  Stalker  
  60  9:18  Immortal  
  65  9:41  Stalker, Probe (Chrono Boost)  
  65  9:42  Stalker x2  
  65  9:45  Protoss Ground Armor Level 2  
  72  9:52  Probe (Chrono Boost)  
  73  9:57  Immortal  
  77  10:03  Probe (Chrono Boost)  
  77  10:05  Robotics Facility  
  78  10:08  Probe (Chrono Boost)  
  78  10:10  Probe (Chrono Boost)  
  78  10:11  Stalker  
  78  10:13  Probe (Chrono Boost)  
  83  10:29  Probe (Chrono Boost)  
  83  10:30  Probe (Chrono Boost)  
  83  10:31  Probe (Chrono Boost)  
  90  10:40  Probe x2 (Chrono Boost)  
  90  10:42  Immortal  
  94  10:53  Disruptor  
  95  10:59  Probe (Chrono Boost)  
  96  11:09  Stalker x2  
  96  11:10  Stalker  
  100  11:11  Nexus, Unknown  
  82  11:18  Pylon  
  70  11:26  Disruptor  
  70  11:36  Disruptor  
  65  11:44  Pylon  
  65  11:56  Stalker  
  65  11:57  Disruptor  
  70  12:11  Disruptor  
  73  12:18  Pylon  
  73  12:27  Stalker x2  
  80  12:42  Immortal  
  80  12:46  Nexus, Unknown  
  81  12:58  Stalker x3  
  85  13:01  Immortal  
  91  13:12  Probe (Chrono Boost)  
  92  13:16  Immortal  
  96  13:40  Immortal  
  100  13:58  Nexus, Unknown x2  
  100  14:03  Pylon  
  100  14:07  Assimilator  
  100  14:14  Pylon  
  83  14:46  Disruptor  
  83  14:51  Stalker x3  
  87  15:09  Unknown  
  83  15:19  Gateway  
  60  15:45  Cybernetics Core  
  37  16:23  Stalker  
  35  16:27  Probe (Chrono Boost)  
  35  16:32  Pylon  
  28  16:34  Pylon  
  28  16:35  Pylon  
  28  16:38  Probe (Chrono Boost)  
  28  16:39  Pylon  
  22  16:48  Probe (Chrono Boost)  
  22  16:53  Stalker  
  25  16:59  Probe (Chrono Boost), Gateway  
  24  17:02  Stalker  
  24  17:03  Stalker  
  22  17:09  Stalker, Probe (Chrono Boost)  
  25  17:20  Probe (Chrono Boost)  
  26  17:23  Stalker  
  22  17:30  Probe (Chrono Boost)  
  18  17:41  Probe (Chrono Boost)  
  19  17:51  Probe (Chrono Boost)  
  19  17:53  Stalker  
  19  17:57  Stalker  
  24  18:02  Probe (Chrono Boost)  
  25  18:12  Probe (Chrono Boost), Pylon  
  26  18:23  Probe (Chrono Boost)  
  27  18:27  Stalker  
  27  18:31  Assimilator  
  27  18:33  Probe (Chrono Boost)  
  28  19:02  Probe (Chrono Boost)  
  26  19:10  Stalker x2  
  26  19:13  Probe (Chrono Boost)  
  31  19:22  Assimilator  
  31  19:25  Stalker  
  31  19:26  Stalker  
  35  19:34  Probe (Chrono Boost)  
  36  19:55  Stalker  
  36  19:56  Stalker  
  40  20:15  Probe (Chrono Boost)  
  39  20:26  Stalker, Probe (Chrono Boost)  
  40  20:32  Stalker  
  40  20:54  Probe (Chrono Boost)  
Show
View Real Time Build Order
Export as new Build Order

SpawN Protoss 

Build Orders:  

Get SALT Encoding   

Show
View Real Time Build Order
Export as new Build Order

Siddharth Protoss 

Build Orders:  

Get SALT Encoding   

Tags
 
Add a new tag
Caveats
  • Supply blocks, unpowered buildings, or Contaminate may cause inaccurate times.
  • Supply counts are checked every 10 seconds.